Columbus Blue Jackets vs New York Islanders

Created - lundi 11 mars 2019 at 19:00

Goals
1 2 3 T
Columbus Blue Jackets 0 0 1 1
New York Islanders 0 0 3 3
Shots
1 2 3 T
Columbus Blue Jackets 10 10 10 30
New York Islanders 11 6 11 28

1st period

No Goal

Penalties :
Jack Johnson (CBJ) for Hooking (Minor) at 2:22, Derek Forbort (NYI) for Cross-checking (Minor) at 17:31

2nd period

No Goal

Penalties :
Boone Jenner (CBJ) for Kneeing (Minor) at 1:40, Boone Jenner (CBJ) for Hooking (Minor) at 7:23, Derek Forbort (NYI) for Holding (Minor) at 17:06

3rd period

1. New York Islanders , Kevin Shattenkirk 3 (Mikael Backlund 37) at 1:54
2. Columbus Blue Jackets , Jamie Benn 31 (Jack Johnson 14) at 3:33
3. New York Islanders , Daniel Sedin 10 (Mikael Backlund 38, Sam Reinhart 18) at 16:41 (PP)
4. New York Islanders , Josh Gorges 1 (Chris Tierney 21) at 19:02 (Empty Net)

Penalties :
Josh Gorges (NYI) for Roughing (Minor) at 3:48, Devante Smith-Pelly (CBJ) for Hooking (Minor) at 15:53

Goalie Stats

Sergei Bobrovsky (CBJ), 25 saves from 27 shots - (0.926), L, 40-18-8, 59:20 minutes
Martin Jones (NYI), 29 saves from 30 shots - (0.967), W, 37-25-5, 60:00 minutes

Players Stats for Columbus Blue Jackets

Player Name              G  A  P  +/- PIM S  H  SB GA TA FO     MP     PP MP  PK MP  
------------------------------------------------------------------------------------
Alexander Wennberg       0  0  0   0  0   3  2  0  0  0  5/11   16:39   0:16   3:12 
Antoine Vermette         0  0  0   0  0   2  0  0  1  0  8/12   13:25   0:00   3:14 
Artemi Panarin           0  0  0  -1  0   3  0  1  1  0  0/1    18:43   3:21   2:39 
Boone Jenner             0  0  0   0  4   1  6  0  1  1  0/1    16:32   2:20   1:31 
Christopher Tanev        0  0  0   1  0   1  0  4  1  0  0/0    21:16   2:06   3:40 
Dan Girardi              0  0  0  -2  0   0  2  0  2  3  0/0    20:35   0:39   3:05 
David Krejci             0  0  0   0  0   4  4  0  0  0  8/13   15:08   2:20   0:19 
Devante Smith-Pelly      0  0  0   0  2   3  4  0  1  0  0/2    13:33   0:22   2:28 
Jack Johnson             0  1  1   1  2   2  2  0  1  1  0/0    19:50   3:12   0:00 
Jamie Benn               1  0  1  -1  0   4  6  0  0  0  10/15  14:55   3:21   0:07 
Justin Braun             0  0  0  -2  0   0  3  0  0  2  0/0    23:14   3:25   3:05 
Kevin Hayes              0  0  0   0  0   1  1  0  1  0  0/0    11:56   0:06   0:00 
Lukas Sedlak             0  0  0   0  0   0  2  0  0  0  0/1     9:31   0:00   0:00 
Markus Nutivaara         0  0  0   0  0   0  1  0  0  0  0/0    16:16   2:32   0:00 
Mike Hoffman             0  0  0  -1  0   2  4  0  0  0  0/0    15:07   3:28   0:00 
Ryan Murray              0  0  0   0  0   4  2  2  0  2  0/0    19:07   0:00   3:40 
Stefan Noesen            0  0  0   0  0   0  4  0  0  1  1/4    14:45   2:17   0:00 
Vinnie Hinostroza        0  0  0   0  0   0  3  0  0  0  0/0    12:39   0:00   0:00 

Players Stats for New York Islanders

Player Name              G  A  P  +/- PIM S  H  SB GA TA FO     MP     PP MP  PK MP  
------------------------------------------------------------------------------------
Alex Galchenyuk          0  0  0   1  0   1  2  0  0  0  1/2    15:55   0:29   0:51 
Anders Lee               0  0  0   0  0   4  2  0  0  0  0/0    16:01   3:45   0:00 
Braydon Coburn           0  0  0   0  0   0  0  0  0  1  0/0    21:20   3:34   2:49 
Bryan Little             0  0  0   0  0   2  1  1  0  0  8/13   15:50   3:34   0:00 
Chris Tierney            0  1  1   1  0   0  1  1  0  1  1/6    10:24   0:00   2:03 
Daniel Sedin             1  0  1   1  0   4  2  1  1  1  1/2    16:12   2:42   0:00 
Dennis Seidenberg        0  0  0   0  0   0  1  2  0  0  0/0    18:19   0:00   2:26 
Derek Forbort            0  0  0   0  4   2  1  0  0  2  0/0    22:42   3:34   1:02 
Josh Gorges              1  0  1   1  2   2  1  2  0  2  0/0    17:04   0:00   2:27 
Kevin Shattenkirk        1  0  1   1  0   2  1  0  0  0  0/0    17:47   3:11   0:37 
Kyle Okposo              0  0  0  -1  0   1  1  0  0  0  0/0    12:34   0:03   0:00 
Magnus Paajarvi          0  0  0   0  0   1  1  0  0  1  0/0    10:25   0:12   2:03 
Mikael Backlund          0  2  2   2  0   5  3  0  1  0  10/20  19:45   2:48   2:59 
Mikkel Boedker           0  0  0  -1  0   0  4  0  0  1  1/1    12:31   0:00   0:00 
Mikko Rantanen           0  0  0   0  0   2  0  0  6  0  1/1    17:46   3:54   1:11 
Nikolay Kulemin          0  0  0   1  0   0  2  0  1  0  0/0    11:21   0:00   2:47 
Oliver Ekman-Larsson     0  0  0   0  0   1  1  1  0  0  0/0    23:21   3:11   2:33 
Sam Reinhart             0  1  1  -1  0   1  0  1  1  0  5/15   14:43   2:48   0:00 

3 Stars

1 - Martin Jones (NYI)
2 - Mikael Backlund (NYI)
3 - Daniel Sedin (NYI)

Power Play

Columbus Blue Jackets - 0 on 3 Attempt(s) - 0.00%
New York Islanders - 1 on 4 Attempt(s) - 25.00%

Penalty Kill

Columbus Blue Jackets - 3 on 4 Attempt(s) - 75.00% - Score 0 goal in Penalty Kill
New York Islanders - 3 on 3 Attempt(s) - 100.00% - Score 0 goal in Penalty Kill

Team Stat

Columbus Blue Jackets - Hits : 46 - Faceoff Wins : 32 - Blocked Shots : 7 - Penalty Minutes : 8
New York Islanders - Hits : 24 - Faceoff Wins : 28 - Blocked Shots : 9 - Penalty Minutes : 6

Official

Referees : Wes McCauley and Gord Dwyer
Linesman : Greg Devorski and Kiel Murchison

Game Notes

Josh Gorges has scored in a empty net!

Finance

Level 1 -- Attendance: 9177 (91.77%) -- Ticket Income fr. 734'160
Level 2 -- Attendance: 1866 (93.30%) -- Ticket Income fr. 121'290
Level 3 -- Attendance: 2729 (77.97%) -- Ticket Income fr. 95'515
Level 4 -- Attendance: 1450 (100.00%) -- Ticket Income fr. 29'000
Luxury Box -- Attendance: 48 (96.00%) -- Ticket Income fr. 9'600
Game was played at the Barclays Center.
Total Attendance: 15270 (89.82%)
Total Ticket Income: fr. 989'565
Total Income: fr. 989'565

Columbus Blue Jackets

5 vs 5 Forward 
   Center                   Left Wing                Right Wing               Time % Phy DF OF 
 1 Jamie Benn               Mike Hoffman             Kevin Hayes              29     0   2  3  
 2 David Krejci             Artemi Panarin           Stefan Noesen            28     0   2  3  
 3 Alexander Wennberg       Boone Jenner             Vinnie Hinostroza        24     0   2  3  
 4 Antoine Vermette         Lukas Sedlak             Devante Smith-Pelly      19     0   3  2  

5 vs 5 Defense 
   Defense                  Defense                                           Time % Phy DF OF 
 1 Christopher Tanev        Jack Johnson                                      35     1   3  1  
 2 Justin Braun             Dan Girardi                                       35     1   3  1  
 3 Ryan Murray              Markus Nutivaara                                  30     0   4  1  
 4 Jack Johnson             Ryan Murray                                       0      3   1  1  

PowerPlay Forward 
   Center                   Left Wing                Right Wing               Time % Phy DF OF 
 1 Jamie Benn               Artemi Panarin           Mike Hoffman             50     0   0  5  
 2 David Krejci             Boone Jenner             Stefan Noesen            50     0   0  5  

PowerPlay Defense
   Defense                  Defense                                           Time % Phy DF OF 
 1 Jack Johnson             Justin Braun                                      50     0   1  4  
 2 Christopher Tanev        Markus Nutivaara                                  50     0   1  4  

Penalty Kill 4 Players Forward 
   Center                   Wing                     Time % Phy DF OF 
 1 Antoine Vermette         Devante Smith-Pelly      50     0   4  1  
 2 Alexander Wennberg       Boone Jenner             50     0   4  1  

Penalty Kill 4 Players Defense
   Defense                  Defense                  Time % Phy DF OF 
 1 Christopher Tanev        Ryan Murray              50     0   5  0  
 2 Dan Girardi              Justin Braun             50     0   5  0  

Penalty Kill - 3 Players Forward 
   Forward                                           Time % Phy DF OF 
 1 Antoine Vermette                                  50     0   5  0  
 2 Alexander Wennberg                                50     0   5  0  

Penalty Kill - 3 Players Defense
   Defense                  Defense                  Time % Phy DF OF 
 1 Jack Johnson             Christopher Tanev        50     0   5  0  
 2 Ryan Murray              Justin Braun             50     0   5  0  

4 vs 4 Forward 
   Center                   Wing                     Time % Phy DF OF 
 1 Alexander Wennberg       Artemi Panarin           50     0   3  2  
 2 Antoine Vermette         Stefan Noesen            50     0   3  2  

4 vs 4 Defense
   Defense                  Defense                  Time % Phy DF OF 
 1 Justin Braun             Ryan Murray              50     0   4  1  
 2 Christopher Tanev        Jack Johnson             50     0   4  1  

Last Minutes Offensive
   Center                   Left Wing                Right Wing               Defense                  Defense                  
   Jamie Benn               Artemi Panarin           Mike Hoffman             Jack Johnson             Markus Nutivaara         

Last Minutes Defensive
   Center                   Left Wing                Right Wing               Defense                  Defense                  
   Alexander Wennberg       Kevin Hayes              Stefan Noesen            Christopher Tanev        Justin Braun             

Goaltenders
Starting : Sergei Bobrovsky         
Backup : Calvin Pickard           

Extra Forwards
Normal : Mike Hoffman, Kevin Hayes, Antoine Vermette - PP : Stefan Noesen, David Krejci - PK : Boone Jenner
Extra Defensemen
Normal : Justin Braun, Christopher Tanev, Ryan Murray - PP : Jack Johnson - PK : Dan Girardi, Markus Nutivaara
Penalty Shots
Jamie Benn, Artemi Panarin, Mike Hoffman, Kevin Hayes, Antoine Vermette
Custom OT Lines Forwards
Jamie Benn, Artemi Panarin, Mike Hoffman, David Krejci, Boone Jenner, Stefan Noesen, Antoine Vermette, Alexander Wennberg, Kevin Hayes, Devante Smith-Pelly
Custom OT Lines Defensemen
Jack Johnson, Justin Braun, Dan Girardi, Markus Nutivaara, Christopher Tanev

Scratches
Scott Harrington (Healthy), Zac Dalpe (Healthy), Tim Heed (Healthy)

New York Islanders

5 vs 5 Forward 
   Center                   Left Wing                Right Wing               Time % Phy DF OF 
 1 Bryan Little             Anders Lee               Mikko Rantanen           28     0   1  4  
 2 Mikael Backlund          Daniel Sedin             Alex Galchenyuk          28     0   2  3  
 3 Sam Reinhart             Mikkel Boedker           Kyle Okposo              26     1   2  2  
 4 Chris Tierney            Magnus Paajarvi          Nikolay Kulemin          18     2   3  0  

5 vs 5 Defense 
   Defense                  Defense                                           Time % Phy DF OF 
 1 Oliver Ekman-Larsson     Derek Forbort                                     32     1   2  2  
 2 Dennis Seidenberg        Braydon Coburn                                    32     1   2  2  
 3 Josh Gorges              Kevin Shattenkirk                                 26     1   3  1  
 4 Oliver Ekman-Larsson     Derek Forbort                                     10     2   3  0  

PowerPlay Forward 
   Center                   Left Wing                Right Wing               Time % Phy DF OF 
 1 Bryan Little             Anders Lee               Mikko Rantanen           55     0   0  5  
 2 Mikael Backlund          Daniel Sedin             Sam Reinhart             45     0   0  5  

PowerPlay Defense
   Defense                  Defense                                           Time % Phy DF OF 
 1 Oliver Ekman-Larsson     Kevin Shattenkirk                                 55     0   1  4  
 2 Derek Forbort            Braydon Coburn                                    45     0   2  3  

Penalty Kill 4 Players Forward 
   Center                   Wing                     Time % Phy DF OF 
 1 Mikael Backlund          Nikolay Kulemin          55     0   5  0  
 2 Chris Tierney            Magnus Paajarvi          45     0   5  0  

Penalty Kill 4 Players Defense
   Defense                  Defense                  Time % Phy DF OF 
 1 Oliver Ekman-Larsson     Derek Forbort            55     0   5  0  
 2 Braydon Coburn           Josh Gorges              45     0   5  0  

Penalty Kill - 3 Players Forward 
   Forward                                           Time % Phy DF OF 
 1 Mikael Backlund                                   60     0   5  0  
 2 Nikolay Kulemin                                   40     0   5  0  

Penalty Kill - 3 Players Defense
   Defense                  Defense                  Time % Phy DF OF 
 1 Oliver Ekman-Larsson     Derek Forbort            60     0   5  0  
 2 Braydon Coburn           Josh Gorges              40     0   5  0  

4 vs 4 Forward 
   Center                   Wing                     Time % Phy DF OF 
 1 Bryan Little             Mikko Rantanen           55     0   2  3  
 2 Mikael Backlund          Anders Lee               45     0   2  3  

4 vs 4 Defense
   Defense                  Defense                  Time % Phy DF OF 
 1 Oliver Ekman-Larsson     Derek Forbort            55     0   3  2  
 2 Braydon Coburn           Dennis Seidenberg        45     0   3  2  

Last Minutes Offensive
   Center                   Left Wing                Right Wing               Defense                  Defense                  
   Bryan Little             Anders Lee               Mikko Rantanen           Oliver Ekman-Larsson     Kevin Shattenkirk        

Last Minutes Defensive
   Center                   Left Wing                Right Wing               Defense                  Defense                  
   Mikael Backlund          Chris Tierney            Nikolay Kulemin          Oliver Ekman-Larsson     Derek Forbort            

Goaltenders
Starting : Martin Jones             
Backup : Christopher Gibson       

Extra Forwards
Normal : Mikko Rantanen, Mikael Backlund, Anders Lee - PP : Mikko Rantanen, Mikael Backlund - PK : Mikko Rantanen
Extra Defensemen
Normal : Oliver Ekman-Larsson, Derek Forbort, Braydon Coburn - PP : Oliver Ekman-Larsson - PK : Oliver Ekman-Larsson, Derek Forbort
Penalty Shots
Anders Lee, Mikko Rantanen, Daniel Sedin, Sam Reinhart, Bryan Little
Custom OT Lines Forwards
Mikko Rantanen, Mikael Backlund, Anders Lee, Bryan Little, Daniel Sedin, Alex Galchenyuk, Sam Reinhart, Kyle Okposo, Mikkel Boedker, Chris Tierney
Custom OT Lines Defensemen
Oliver Ekman-Larsson, Derek Forbort, Braydon Coburn, Kevin Shattenkirk, Dennis Seidenberg

Scratches
Andrew MacDonald (Left Hand Injury)

% Time on Ice - Columbus Blue Jackets

Lines # - Real PCT - Wanted PCT - Time Play
Normal Forward
1 - 26% - 29% - 12:23
2 - 27% - 28% - 12:29
3 - 27% - 24% - 12:39
4 - 20% - 19% - 9:31
Normal Defense
1 - 33% - 35% - 15:36
2 - 35% - 35% - 16:14
3 - 28% - 30% - 13:01
4 - 5% - 0% - 2:11
PP Forward
1 - 61% - 50% - 3:37
2 - 39% - 50% - 2:20
PP Defense
1 - 57% - 50% - 3:25
2 - 43% - 50% - 2:32
PK Forward
1 - 46% - 50% - 3:06
2 - 54% - 50% - 3:39
PK Defense
1 - 54% - 50% - 3:40
2 - 46% - 50% - 3:05
PK3 Forward
1 - 0% - 50%
2 - 0% - 50%
PK3 Defense
1 - 0% - 50%
2 - 0% - 50%
44 Forward
1 - 0% - 50%
2 - 0% - 50%
44 Defense
1 - 0% - 50%
2 - 0% - 50%
Last Minute Offensive  - 0:16
Last Minute Defensive  - 0:00
Total
Forward - 60:00
Defense - 60:00

% Time on Ice - New York Islanders

Lines # - Real PCT - Wanted PCT - Time Play
Normal Forward
1 - 27% - 28% - 12:54
2 - 29% - 28% - 13:32
3 - 27% - 26% - 12:31
4 - 17% - 18% - 8:08
Normal Defense
1 - 34% - 32% - 15:49
2 - 34% - 32% - 16:00
3 - 28% - 26% - 13:05
4 - 5% - 10% - 2:11
PP Forward
1 - 59% - 55% - 3:57
2 - 41% - 45% - 2:48
PP Defense
1 - 47% - 55% - 3:11
2 - 53% - 45% - 3:34
PK Forward
1 - 66% - 55% - 3:54
2 - 34% - 45% - 2:03
PK Defense
1 - 66% - 55% - 3:55
2 - 34% - 45% - 2:02
PK3 Forward
1 - 0% - 60%
2 - 0% - 40%
PK3 Defense
1 - 0% - 60%
2 - 0% - 40%
44 Forward
1 - 0% - 55%
2 - 0% - 45%
44 Defense
1 - 0% - 55%
2 - 0% - 45%
Last Minute Offensive  - 0:00
Last Minute Defensive  - 0:13
Total
Forward - 60:00
Defense - 60:00

Play-by-Play

1st period


0:01 of 1st period - Jamie Benn wins face-off versus Bryan Little in neutral zone.
0:30 of 1st period - Slapshot by Mikael Backlund.
0:30 of 1st period - Stopped by Sergei Bobrovsky without a rebound.
0:31 of 1st period - David Krejci wins face-off versus Sam Reinhart in Columbus Blue Jackets zone.
0:31 of 1st period - David Krejci is hit by Mikkel Boedker.
0:43 of 1st period - Dennis Seidenberg is hit by Dan Girardi and loses puck.
1:06 of 1st period - Nikolay Kulemin is hit by Vinnie Hinostroza and loses puck.
1:37 of 1st period - Kevin Hayes is hit by Kevin Shattenkirk and loses puck.
1:48 of 1st period - Kevin Shattenkirk is hit by Jamie Benn and loses puck.
1:57 of 1st period - Kevin Hayes is hit by Anders Lee and loses puck.
2:04 of 1st period - Wrist shot by Anders Lee.
2:04 of 1st period - Stopped by Sergei Bobrovsky without a rebound.
2:05 of 1st period - Sam Reinhart wins face-off versus Alexander Wennberg in Columbus Blue Jackets zone.
2:20 of 1st period - Snap shot by Kyle Okposo.
2:20 of 1st period - Shot Misses the Net.
2:22 of 1st period - Minor Penalty to Jack Johnson for Hooking.
2:23 of 1st period - Antoine Vermette wins face-off versus Bryan Little in Columbus Blue Jackets zone.
3:37 of 1st period - Bryan Little is hit by Boone Jenner and loses puck.
4:22 of 1st period - Penalty to Jack Johnson is over, Jack Johnson is back on ice.
5:07 of 1st period - Kevin Hayes is hit by Alex Galchenyuk and loses puck.
6:14 of 1st period - Mikkel Boedker is hit by Jack Johnson and loses puck.
6:41 of 1st period - Snap shot by Antoine Vermette.
6:41 of 1st period - Stopped by Martin Jones without a rebound.
6:42 of 1st period - Antoine Vermette wins face-off versus Chris Tierney in New York Islanders zone.
7:06 of 1st period - Justin Braun is hit by Josh Gorges and loses puck.
8:01 of 1st period - Snap shot by Mikael Backlund.
8:01 of 1st period - Stopped by Sergei Bobrovsky with a rebound.
8:26 of 1st period - Slapshot by Alexander Wennberg.
8:26 of 1st period - Shot Misses the Net.
8:38 of 1st period - Snap shot by Mikael Backlund.
8:38 of 1st period - Deflect By Daniel Sedin.
8:38 of 1st period - Stopped by Sergei Bobrovsky without a rebound.
8:39 of 1st period - Bryan Little wins face-off versus David Krejci in Columbus Blue Jackets zone.
8:50 of 1st period - Snap shot by Anders Lee.
8:50 of 1st period - Deflect By Mikko Rantanen.
8:50 of 1st period - Shot Misses the Net.
8:50 of 1st period - Puck is out of play.
8:51 of 1st period - Bryan Little wins face-off versus Devante Smith-Pelly in Columbus Blue Jackets zone.
9:37 of 1st period - Icing by Chris Tierney.
9:38 of 1st period - Jamie Benn wins face-off versus Chris Tierney in New York Islanders zone.
10:03 of 1st period - Alex Galchenyuk is hit by Boone Jenner and loses puck.
10:10 of 1st period - Snap shot by Alexander Wennberg.
10:10 of 1st period - Stopped by Martin Jones without a rebound.
10:11 of 1st period - Bryan Little wins face-off versus Antoine Vermette in New York Islanders zone.
10:14 of 1st period - Slapshot by Antoine Vermette.
10:14 of 1st period - Shot Blocked by Bryan Little.
10:57 of 1st period - Wrist shot by Mikko Rantanen.
10:57 of 1st period - Stopped by Sergei Bobrovsky without a rebound.
10:58 of 1st period - David Krejci wins face-off versus Mikael Backlund in Columbus Blue Jackets zone.
10:58 of 1st period - David Krejci is hit by Mikael Backlund.
11:06 of 1st period - Snap shot by David Krejci.
11:06 of 1st period - Stopped by Martin Jones without a rebound.
11:07 of 1st period - Mikael Backlund wins face-off versus Artemi Panarin in New York Islanders zone.
11:14 of 1st period - Wrist shot by Mikael Backlund.
11:14 of 1st period - Shot Misses the Net.
11:16 of 1st period - Snap shot by Mikael Backlund.
11:16 of 1st period - Stopped by Sergei Bobrovsky with a rebound.
11:18 of 1st period - Slapshot by Josh Gorges.
11:18 of 1st period - Stopped by Sergei Bobrovsky with a rebound.
11:20 of 1st period - Snap shot by Daniel Sedin.
11:20 of 1st period - Stopped by Sergei Bobrovsky with a rebound.
11:22 of 1st period - Backhand shot by Daniel Sedin.
11:22 of 1st period - Shot Blocked by Artemi Panarin.
11:28 of 1st period - Snap shot by Mikael Backlund.
11:28 of 1st period - Deflect By Artemi Panarin.
11:28 of 1st period - Shot Misses the Net.
11:28 of 1st period - Puck is out of play.
11:29 of 1st period - Jamie Benn wins face-off versus Sam Reinhart in Columbus Blue Jackets zone.
11:34 of 1st period - Wrist shot by Mike Hoffman.
11:34 of 1st period - Stopped by Martin Jones with a rebound.
11:36 of 1st period - Snap shot by Kevin Hayes.
11:36 of 1st period - Stopped by Martin Jones with a rebound.
11:38 of 1st period - Snap shot by Jamie Benn.
11:38 of 1st period - Stopped by Martin Jones with a rebound.
11:40 of 1st period - Snap shot by Jamie Benn.
11:40 of 1st period - Shot Misses the Net.
11:42 of 1st period - Snap shot by Mike Hoffman.
11:42 of 1st period - Deflect By Jamie Benn.
11:42 of 1st period - Stopped by Martin Jones with a rebound.
11:44 of 1st period - Snap shot by Ryan Murray.
11:44 of 1st period - Deflect By Oliver Ekman-Larsson.
11:44 of 1st period - Stopped by Martin Jones without a rebound.
11:45 of 1st period - Antoine Vermette wins face-off versus Mikael Backlund in New York Islanders zone.
11:54 of 1st period - Snap shot by Daniel Sedin.
11:54 of 1st period - Shot Misses the Net.
11:56 of 1st period - Slapshot by Daniel Sedin.
11:56 of 1st period - Shot Misses the Net.
11:58 of 1st period - Wrist shot by Daniel Sedin.
11:58 of 1st period - Shot Misses the Net.
12:00 of 1st period - Snap shot by Oliver Ekman-Larsson.
12:00 of 1st period - Stopped by Sergei Bobrovsky without a rebound.
12:01 of 1st period - Jamie Benn wins face-off versus Sam Reinhart in Columbus Blue Jackets zone.
12:05 of 1st period - Off-side.
12:06 of 1st period - Sam Reinhart wins face-off versus Jamie Benn in neutral zone.
12:09 of 1st period - Mike Hoffman is hit by Mikkel Boedker and loses puck.
13:12 of 1st period - Snap shot by Devante Smith-Pelly.
13:12 of 1st period - Shot Misses the Net.
13:14 of 1st period - Wrist shot by Antoine Vermette.
13:14 of 1st period - Deflect By Devante Smith-Pelly.
13:14 of 1st period - Stopped by Martin Jones without a rebound.
13:15 of 1st period - Antoine Vermette wins face-off versus Sam Reinhart in New York Islanders zone.
13:16 of 1st period - Backhand shot by Devante Smith-Pelly.
13:16 of 1st period - Shot Hit the Post.
13:18 of 1st period - Snap shot by Jack Johnson.
13:18 of 1st period - Stopped by Martin Jones without a rebound.
13:19 of 1st period - David Krejci wins face-off versus Sam Reinhart in New York Islanders zone.
13:46 of 1st period - Mikael Backlund is hit by Jamie Benn and loses puck.
14:09 of 1st period - Snap shot by Anders Lee.
14:09 of 1st period - Stopped by Sergei Bobrovsky without a rebound.
14:10 of 1st period - Antoine Vermette wins face-off versus Chris Tierney in Columbus Blue Jackets zone.
14:24 of 1st period - Wrist shot by Magnus Paajarvi.
14:24 of 1st period - Stopped by Sergei Bobrovsky with a rebound.
14:36 of 1st period - Mikkel Boedker is hit by Boone Jenner and loses puck.
15:23 of 1st period - Slapshot by Jamie Benn.
15:23 of 1st period - Shot Blocked by Josh Gorges.
16:00 of 1st period - Sam Reinhart is hit by Jack Johnson and loses puck.
16:21 of 1st period - Kevin Hayes is hit by Daniel Sedin.
16:33 of 1st period - Daniel Sedin is hit by Dan Girardi and loses puck.
16:46 of 1st period - Derek Forbort is hit by David Krejci and loses puck.
17:17 of 1st period - Devante Smith-Pelly is hit by Kyle Okposo and loses puck.
17:31 of 1st period - Minor Penalty to Derek Forbort for Cross-checking.
17:32 of 1st period - Mikael Backlund wins face-off versus Jamie Benn in New York Islanders zone.
17:32 of 1st period - Mikael Backlund is hit by Mike Hoffman.
19:31 of 1st period - Penalty to Derek Forbort is over, Derek Forbort is back on ice.
19:37 of 1st period - Mikko Rantanen is hit by Justin Braun and loses puck.
19:44 of 1st period - Devante Smith-Pelly is hit by Derek Forbort and loses puck.
Goals for this period are 0 for Columbus Blue Jackets vs 0 for New York Islanders.
Shots for this period are 10 for Columbus Blue Jackets vs 11 for New York Islanders.

2nd period


0:01 of 2nd period - Mikael Backlund wins face-off versus David Krejci in neutral zone.
0:03 of 2nd period - Off-side.
0:04 of 2nd period - Daniel Sedin wins face-off versus Stefan Noesen in neutral zone.
0:21 of 2nd period - Mikael Backlund is hit by David Krejci and loses puck.
0:31 of 2nd period - Off-side.
0:32 of 2nd period - Chris Tierney wins face-off versus Alexander Wennberg in neutral zone.
0:37 of 2nd period - Alexander Wennberg is hit by Nikolay Kulemin.
0:42 of 2nd period - Off-side.
0:43 of 2nd period - Jamie Benn wins face-off versus Mikael Backlund in neutral zone.
0:52 of 2nd period - Snap shot by Jamie Benn.
0:52 of 2nd period - Shot Blocked by Dennis Seidenberg.
1:40 of 2nd period - Minor Penalty to Boone Jenner for Kneeing.
1:41 of 2nd period - Alexander Wennberg wins face-off versus Bryan Little in Columbus Blue Jackets zone.
3:40 of 2nd period - Penalty to Boone Jenner is over, Boone Jenner is back on ice.
3:47 of 2nd period - Braydon Coburn is hit by Jamie Benn and loses puck.
3:53 of 2nd period - Off-side.
3:54 of 2nd period - Jamie Benn wins face-off versus Chris Tierney in neutral zone.
4:25 of 2nd period - Slapshot by David Krejci.
4:25 of 2nd period - Stopped by Martin Jones with a rebound.
4:35 of 2nd period - Jack Johnson is hit by Alex Galchenyuk and loses puck.
5:40 of 2nd period - Snap shot by Artemi Panarin.
5:40 of 2nd period - Stopped by Martin Jones with a rebound.
5:42 of 2nd period - Slapshot by Jack Johnson.
5:42 of 2nd period - Shot Blocked by Josh Gorges.
5:44 of 2nd period - Wrist shot by Christopher Tanev.
5:44 of 2nd period - Stopped by Martin Jones with a rebound.
5:46 of 2nd period - Slapshot by Ryan Murray.
5:46 of 2nd period - Deflect By Alex Galchenyuk.
5:46 of 2nd period - Stopped by Martin Jones without a rebound.
5:47 of 2nd period - Alexander Wennberg wins face-off versus Sam Reinhart in New York Islanders zone.
6:38 of 2nd period - Off-side.
6:39 of 2nd period - Mikko Rantanen wins face-off versus Stefan Noesen in neutral zone.
6:50 of 2nd period - Mikko Rantanen is hit by Stefan Noesen and loses puck.
7:01 of 2nd period - Stefan Noesen is hit by Bryan Little and loses puck.
7:16 of 2nd period - Slapshot by Mikko Rantanen.
7:16 of 2nd period - Deflect By Anders Lee.
7:16 of 2nd period - Stopped by Sergei Bobrovsky without a rebound.
7:17 of 2nd period - Alex Galchenyuk wins face-off versus Alexander Wennberg in Columbus Blue Jackets zone.
7:23 of 2nd period - Minor Penalty to Boone Jenner for Hooking.
7:24 of 2nd period - Bryan Little wins face-off versus Antoine Vermette in Columbus Blue Jackets zone.
7:46 of 2nd period - Anders Lee is hit by Alexander Wennberg and loses puck.
8:28 of 2nd period - Slapshot by Mikko Rantanen.
8:28 of 2nd period - Shot Misses the Net.
8:30 of 2nd period - Wrist shot by Bryan Little.
8:30 of 2nd period - Stopped by Sergei Bobrovsky without a rebound.
8:31 of 2nd period - Antoine Vermette wins face-off versus Mikael Backlund in Columbus Blue Jackets zone.
9:23 of 2nd period - Penalty to Boone Jenner is over, Boone Jenner is back on ice.
9:29 of 2nd period - Slapshot by Ryan Murray.
9:29 of 2nd period - Stopped by Martin Jones with a rebound.
10:09 of 2nd period - Braydon Coburn is hit by Markus Nutivaara and loses puck.
10:26 of 2nd period - Mikkel Boedker is hit by Kevin Hayes.
11:18 of 2nd period - Kevin Shattenkirk is hit by Jamie Benn and loses puck.
11:31 of 2nd period - Slapshot by Bryan Little.
11:31 of 2nd period - Stopped by Sergei Bobrovsky without a rebound.
11:32 of 2nd period - David Krejci wins face-off versus Bryan Little in Columbus Blue Jackets zone.
11:39 of 2nd period - Bryan Little is hit by Stefan Noesen and loses puck.
11:52 of 2nd period - Icing by Derek Forbort.
11:53 of 2nd period - Mikael Backlund wins face-off versus Jamie Benn in New York Islanders zone.
11:53 of 2nd period - Mikael Backlund is hit by Jamie Benn.
12:25 of 2nd period - Anders Lee is hit by Alexander Wennberg and loses puck.
12:48 of 2nd period - Dennis Seidenberg is hit by Ryan Murray.
13:24 of 2nd period - Snap shot by Mikael Backlund.
13:24 of 2nd period - Deflect By Daniel Sedin.
13:24 of 2nd period - Shot Misses the Net.
13:24 of 2nd period - Puck is out of play.
13:25 of 2nd period - Mikael Backlund wins face-off versus Alexander Wennberg in Columbus Blue Jackets zone.
13:32 of 2nd period - Wrist shot by Mikael Backlund.
13:32 of 2nd period - Stopped by Sergei Bobrovsky with a rebound.
13:40 of 2nd period - Slapshot by Alexander Wennberg.
13:40 of 2nd period - Stopped by Martin Jones without a rebound.
13:41 of 2nd period - Sam Reinhart wins face-off versus Devante Smith-Pelly in New York Islanders zone.
13:52 of 2nd period - Backhand shot by Antoine Vermette.
13:52 of 2nd period - Stopped by Martin Jones without a rebound.
13:53 of 2nd period - Mikael Backlund wins face-off versus Boone Jenner in New York Islanders zone.
14:02 of 2nd period - Slapshot by Alexander Wennberg.
14:02 of 2nd period - Deflect By Boone Jenner.
14:02 of 2nd period - Shot Misses the Net.
14:02 of 2nd period - Puck is out of play.
14:03 of 2nd period - Alexander Wennberg wins face-off versus Alex Galchenyuk in New York Islanders zone.
14:14 of 2nd period - Snap shot by Mikael Backlund.
14:14 of 2nd period - Stopped by Sergei Bobrovsky without a rebound.
14:15 of 2nd period - David Krejci wins face-off versus Mikael Backlund in Columbus Blue Jackets zone.
14:41 of 2nd period - Boone Jenner is hit by Oliver Ekman-Larsson and loses puck.
14:52 of 2nd period - Wrist shot by Bryan Little.
14:52 of 2nd period - Shot Misses the Net.
15:25 of 2nd period - Snap shot by Jamie Benn.
15:25 of 2nd period - Stopped by Martin Jones with a rebound.
15:27 of 2nd period - Slapshot by Mike Hoffman.
15:27 of 2nd period - Shot Blocked by Dennis Seidenberg.
15:29 of 2nd period - Snap shot by Jamie Benn.
15:29 of 2nd period - Shot Misses the Net.
16:06 of 2nd period - Snap shot by Mikael Backlund.
16:06 of 2nd period - Shot Blocked by Ryan Murray.
16:40 of 2nd period - Anders Lee is hit by Boone Jenner and loses puck.
16:53 of 2nd period - Slapshot by Oliver Ekman-Larsson.
16:53 of 2nd period - Shot Blocked by Ryan Murray.
16:55 of 2nd period - Slapshot by Derek Forbort.
16:55 of 2nd period - Stopped by Sergei Bobrovsky with a rebound.
17:06 of 2nd period - Minor Penalty to Derek Forbort for Holding.
17:07 of 2nd period - Jamie Benn wins face-off versus Mikael Backlund in New York Islanders zone.
17:07 of 2nd period - Wrist shot by Artemi Panarin.
17:07 of 2nd period - Stopped by Martin Jones with a rebound.
17:17 of 2nd period - Mikael Backlund is hit by Justin Braun and loses puck.
18:29 of 2nd period - Mike Hoffman is hit by Magnus Paajarvi and loses puck.
18:42 of 2nd period - Wrist shot by David Krejci.
18:42 of 2nd period - Stopped by Martin Jones with a rebound.
18:44 of 2nd period - Slapshot by Jack Johnson.
18:44 of 2nd period - Shot Misses the Net.
19:02 of 2nd period - Kevin Shattenkirk is hit by Stefan Noesen and loses puck.
19:06 of 2nd period - Penalty to Derek Forbort is over, Derek Forbort is back on ice.
19:13 of 2nd period - Sam Reinhart is hit by Lukas Sedlak and loses puck.
19:21 of 2nd period - Derek Forbort is hit by Devante Smith-Pelly.
19:55 of 2nd period - Lukas Sedlak is hit by Nikolay Kulemin and loses puck.
Goals for this period are 0 for Columbus Blue Jackets vs 0 for New York Islanders.
Shots for this period are 10 for Columbus Blue Jackets vs 6 for New York Islanders.

3rd period


0:01 of 3rd period - Jamie Benn wins face-off versus Mikael Backlund in neutral zone.
0:13 of 3rd period - Icing by Alex Galchenyuk.
0:14 of 3rd period - David Krejci wins face-off versus Daniel Sedin in New York Islanders zone.
1:32 of 3rd period - Bryan Little is hit by Ryan Murray and loses puck.
1:48 of 3rd period - Off-side.
1:49 of 3rd period - Mikael Backlund wins face-off versus Jamie Benn in neutral zone.
1:54 of 3rd period - Slapshot by Kevin Shattenkirk.
1:54 of 3rd period - Goal by Kevin Shattenkirk - Columbus Blue Jackets : 0 - New York Islanders : 1.
1:55 of 3rd period - Mikael Backlund wins face-off versus David Krejci in neutral zone.
2:22 of 3rd period - Mikkel Boedker is hit by Mike Hoffman and loses puck.
2:45 of 3rd period - Wrist shot by Devante Smith-Pelly.
2:45 of 3rd period - Shot Blocked by Chris Tierney.
3:03 of 3rd period - Backhand shot by Boone Jenner.
3:03 of 3rd period - Stopped by Martin Jones without a rebound.
3:04 of 3rd period - David Krejci wins face-off versus Mikael Backlund in New York Islanders zone.
3:05 of 3rd period - Wrist shot by Artemi Panarin.
3:05 of 3rd period - Shot Misses the Net.
3:13 of 3rd period - Slapshot by Derek Forbort.
3:13 of 3rd period - Shot Misses the Net.
3:15 of 3rd period - Slapshot by Derek Forbort.
3:15 of 3rd period - Shot Blocked by Christopher Tanev.
3:17 of 3rd period - Wrist shot by Alex Galchenyuk.
3:17 of 3rd period - Stopped by Sergei Bobrovsky without a rebound.
3:18 of 3rd period - Mikkel Boedker wins face-off versus Jamie Benn in Columbus Blue Jackets zone.
3:23 of 3rd period - Snap shot by Kyle Okposo.
3:23 of 3rd period - Shot Misses the Net.
3:33 of 3rd period - Snap shot by Jamie Benn.
3:33 of 3rd period - Goal by Jamie Benn - Columbus Blue Jackets : 1 - New York Islanders : 1.
3:34 of 3rd period - Mikael Backlund wins face-off versus David Krejci in neutral zone.
3:48 of 3rd period - Minor Penalty to Josh Gorges for Roughing.
3:49 of 3rd period - David Krejci wins face-off versus Mikael Backlund in New York Islanders zone.
5:44 of 3rd period - Markus Nutivaara is hit by Mikael Backlund and loses puck.
5:48 of 3rd period - Penalty to Josh Gorges is over, Josh Gorges is back on ice.
5:51 of 3rd period - Dennis Seidenberg is hit by Devante Smith-Pelly.
6:08 of 3rd period - Wrist shot by Kyle Okposo.
6:08 of 3rd period - Shot Blocked by Christopher Tanev.
6:12 of 3rd period - Slapshot by Kyle Okposo.
6:12 of 3rd period - Stopped by Sergei Bobrovsky without a rebound.
6:13 of 3rd period - Bryan Little wins face-off versus Alexander Wennberg in Columbus Blue Jackets zone.
6:20 of 3rd period - Wrist shot by Anders Lee.
6:20 of 3rd period - Shot Misses the Net.
6:59 of 3rd period - Wrist shot by Mike Hoffman.
6:59 of 3rd period - Stopped by Martin Jones without a rebound.
7:00 of 3rd period - Jamie Benn wins face-off versus Mikael Backlund in New York Islanders zone.
7:26 of 3rd period - Vinnie Hinostroza is hit by Daniel Sedin and loses puck.
7:37 of 3rd period - Snap shot by Mikael Backlund.
7:37 of 3rd period - Shot Misses the Net.
7:39 of 3rd period - Wrist shot by Daniel Sedin.
7:39 of 3rd period - Shot Misses the Net.
7:55 of 3rd period - Snap shot by Daniel Sedin.
7:55 of 3rd period - Stopped by Sergei Bobrovsky with a rebound.
8:19 of 3rd period - Slapshot by Boone Jenner.
8:19 of 3rd period - Shot Misses the Net.
8:25 of 3rd period - Slapshot by Alexander Wennberg.
8:25 of 3rd period - Stopped by Martin Jones with a rebound.
8:43 of 3rd period - Wrist shot by Alex Galchenyuk.
8:43 of 3rd period - Shot Misses the Net.
8:52 of 3rd period - Slapshot by Vinnie Hinostroza.
8:52 of 3rd period - Shot Blocked by Daniel Sedin.
8:54 of 3rd period - Snap shot by Jack Johnson.
8:54 of 3rd period - Deflect By Braydon Coburn.
8:54 of 3rd period - Stopped by Martin Jones with a rebound.
8:56 of 3rd period - Slapshot by Ryan Murray.
8:56 of 3rd period - Stopped by Martin Jones without a rebound.
8:57 of 3rd period - Stefan Noesen wins face-off versus Bryan Little in New York Islanders zone.
9:02 of 3rd period - Snap shot by Artemi Panarin.
9:02 of 3rd period - Stopped by Martin Jones without a rebound.
9:03 of 3rd period - Bryan Little wins face-off versus David Krejci in New York Islanders zone.
9:28 of 3rd period - Wrist shot by Sam Reinhart.
9:28 of 3rd period - Deflect By Artemi Panarin.
9:28 of 3rd period - Stopped by Sergei Bobrovsky without a rebound.
9:29 of 3rd period - Jamie Benn wins face-off versus Sam Reinhart in Columbus Blue Jackets zone.
10:22 of 3rd period - Braydon Coburn is hit by Stefan Noesen and loses puck.
10:37 of 3rd period - Braydon Coburn is hit by Jamie Benn.
10:51 of 3rd period - Chris Tierney is hit by Devante Smith-Pelly and loses puck.
11:06 of 3rd period - Oliver Ekman-Larsson is hit by David Krejci and loses puck.
11:19 of 3rd period - Jamie Benn is hit by Mikkel Boedker and loses puck.
11:49 of 3rd period - Josh Gorges is hit by Mike Hoffman and loses puck.
12:02 of 3rd period - Derek Forbort is hit by Lukas Sedlak and loses puck.
12:20 of 3rd period - Oliver Ekman-Larsson is hit by Boone Jenner and loses puck.
12:31 of 3rd period - Justin Braun is hit by Mikael Backlund and loses puck.
12:48 of 3rd period - Mikkel Boedker is hit by Justin Braun and loses puck.
12:59 of 3rd period - Josh Gorges is hit by Boone Jenner.
13:03 of 3rd period - Mikkel Boedker is hit by Vinnie Hinostroza and loses puck.
14:09 of 3rd period - Oliver Ekman-Larsson is hit by Vinnie Hinostroza and loses puck.
14:26 of 3rd period - Alex Galchenyuk is hit by Devante Smith-Pelly and loses puck.
14:52 of 3rd period - Jamie Benn is hit by Dennis Seidenberg and loses puck.
15:12 of 3rd period - Boone Jenner is hit by Chris Tierney and loses puck.
15:32 of 3rd period - Artemi Panarin is hit by Mikkel Boedker and loses puck.
15:53 of 3rd period - Minor Penalty to Devante Smith-Pelly for Hooking.
15:54 of 3rd period - Bryan Little wins face-off versus Antoine Vermette in Columbus Blue Jackets zone.
16:07 of 3rd period - Backhand shot by Anders Lee.
16:07 of 3rd period - Stopped by Sergei Bobrovsky with a rebound.
16:09 of 3rd period - Slapshot by Derek Forbort.
16:09 of 3rd period - Stopped by Sergei Bobrovsky without a rebound.
16:10 of 3rd period - Bryan Little wins face-off versus Antoine Vermette in Columbus Blue Jackets zone.
16:41 of 3rd period - Slapshot by Daniel Sedin.
16:41 of 3rd period - Goal by Daniel Sedin - Columbus Blue Jackets : 1 - New York Islanders : 2.
16:42 of 3rd period - Alexander Wennberg wins face-off versus Sam Reinhart in neutral zone.
16:47 of 3rd period - Snap shot by Sam Reinhart.
16:47 of 3rd period - Shot Blocked by Christopher Tanev.
16:49 of 3rd period - Slapshot by Kevin Shattenkirk.
16:49 of 3rd period - Shot Blocked by Christopher Tanev.
16:51 of 3rd period - Snap shot by Kyle Okposo.
16:51 of 3rd period - Deflect By Sam Reinhart.
16:51 of 3rd period - Shot Misses the Net.
16:51 of 3rd period - Puck is out of play.
16:52 of 3rd period - Alexander Wennberg wins face-off versus Sam Reinhart in Columbus Blue Jackets zone.
16:56 of 3rd period - Off-side.
16:57 of 3rd period - Antoine Vermette wins face-off versus Sam Reinhart in neutral zone.
17:02 of 3rd period - Snap shot by Devante Smith-Pelly.
17:02 of 3rd period - Stopped by Martin Jones with a rebound.
17:04 of 3rd period - Snap shot by Jack Johnson.
17:04 of 3rd period - Shot Misses the Net.
17:06 of 3rd period - Snap shot by Jack Johnson.
17:06 of 3rd period - Shot Blocked by Sam Reinhart.
17:08 of 3rd period - Backhand shot by Antoine Vermette.
17:08 of 3rd period - Deflect By Devante Smith-Pelly.
17:08 of 3rd period - Stopped by Martin Jones without a rebound.
17:09 of 3rd period - Antoine Vermette wins face-off versus Chris Tierney in New York Islanders zone.
17:10 of 3rd period - Snap shot by Devante Smith-Pelly.
17:10 of 3rd period - Shot Blocked by Oliver Ekman-Larsson.
17:43 of 3rd period - Snap shot by Mikko Rantanen.
17:43 of 3rd period - Stopped by Sergei Bobrovsky with a rebound.
17:45 of 3rd period - Slapshot by Josh Gorges.
17:45 of 3rd period - Shot Misses the Net.
17:47 of 3rd period - Backhand shot by Kevin Shattenkirk.
17:47 of 3rd period - Stopped by Sergei Bobrovsky without a rebound.
17:48 of 3rd period - Sam Reinhart wins face-off versus Alexander Wennberg in Columbus Blue Jackets zone.
18:22 of 3rd period - Columbus Blue Jackets, Sergei Bobrovsky is pulled from the net.
18:34 of 3rd period - Dan Girardi is hit by Anders Lee and loses puck.
18:53 of 3rd period - Chris Tierney is hit by Mike Hoffman and loses puck.
19:02 of 3rd period - Slapshot by Josh Gorges.
19:02 of 3rd period - Goal by Josh Gorges - Columbus Blue Jackets : 1 - New York Islanders : 3.
19:02 of 3rd period - Sergei Bobrovsky from Columbus Blue Jackets was sent back in the game.
19:03 of 3rd period - Sam Reinhart wins face-off versus Lukas Sedlak in neutral zone.
19:51 of 3rd period - Snap shot by David Krejci.
19:51 of 3rd period - Stopped by Martin Jones without a rebound.
19:52 of 3rd period - Mikael Backlund wins face-off versus Stefan Noesen in New York Islanders zone.
19:52 of 3rd period - Mikael Backlund is hit by David Krejci.
Goals for this period are 1 for Columbus Blue Jackets vs 3 for New York Islanders.
Shots for this period are 10 for Columbus Blue Jackets vs 11 for New York Islanders.